 Dungeon Crawl Stone Soup version 0.22.1-2-g9c5b331383 (webtiles) character file.

99 Knicklaso the Magician (level 4, -4/33 HPs)
             Began as a Demonspawn Wizard on Nov 24, 2018.
             Killed by divine providence
             ... invoked by an orc priest
              (16 damage)
             ... on level 3 of the Dungeon.
             The game lasted 00:06:24 (2521 turns).

Knicklaso the Magician (Demonspawn Wizard)          Turns: 2521, Time: 00:06:25

Health: -4/33      AC:  4    Str:  7    XL:     4   Next: 45%
Magic:  0/9        EV: 12    Int: 21    God:
Gold:   120        SH:  0    Dex: 11    Spells: 4/10 levels left

rFire    . . .     SeeInvis .   n - +0 falchion
rCold    + . .     Gourm    .   (no shield)
rNeg     . . .     Faith    .   a - +0 robe
rPois    .         Spirit   .   b - +0 hat
rElec    .         Reflect  .   (no cloak)
rCorr    .         Harm     .   (no gloves)
MR       .....                  (no boots)
Stlth    ++........             (no amulet)
HPRegen  0.11/turn              (no ring)
MPRegen  0.11/turn              (no ring)

@: very slightly contaminated
A: talons 1, iridescent scales 1, cold resistance 1
a: no special abilities


You were on level 3 of the Dungeon.
You were not hungry.

You visited 1 branch of the dungeon, and saw 3 of its levels.

You collected 120 gold pieces.

Inventory:

Hand Weapons
 n - a +0 falchion (weapon)
Armour
 a - a +0 robe (worn)
 b - a +0 hat (worn)
 h - a +0 ring mail of fire resistance
Jewellery
 e - an uncursed ring of protection from fire {unknown}
Scrolls
 c - 2 scrolls of remove curse {unknown}
 i - a scroll of identify {unknown}
 j - a scroll of magic mapping {unknown}
 o - 2 scrolls of fear {unknown}
 p - a scroll of teleportation {unknown}
Potions
 f - a potion of curing {unknown}
 g - 3 potions of brilliance {unknown}
 k - a potion of might {unknown}
 l - 2 potions of lignification {unknown}
 m - a potion of berserk rage {unknown}
 q - 2 potions of degeneration {unknown}
Comestibles
 d - 7 rations
 r - a chunk of flesh


   Skills:
 + Level 1.8 Fighting
 + Level 1.7 Dodging
 - Level 1.7 Stealth
 + Level 3.5 Spellcasting
 - Level 2.0 Conjurations
 + Level 2.5 Summonings
   Level 0.8 Translocations
 * Level 0.0 Air Magic
 * Level 0.1 Poison Magic


You had 4 spell levels left.
You knew the following spells:

 Your Spells              Type           Power        Failure   Level  Hunger
a - Magic Dart            Conj           ##..         5%          1    None
b - Mephitic Cloud        Conj/Pois/Air  #.......     28%         3    ###....
d - Call Imp              Summ           ##......     7%          2    ##.....

Your spell library contained the following spells:

 Spells                   Type           Power        Failure   Level  Hunger
 Blink                    Tloc           N/A          14%         2    ##.....
 Slow                     Hex            #.......     19%         2    ##.....
 Conjure Flame            Conj/Fire      #.......     26%         3    ###....


Dungeon Overview and Level Annotations

Branches:
Dungeon (3/15)

Altars:
Ashenzari
Fedhas
Wu Jian

Annotations:
D:3 3 runed doors, Revguard's ghost, amateur DrBe


Innate Abilities, Weirdness & Mutations

You have sharp toenails.
You are partially covered in iridescent scales. (AC +2)
Your flesh is cold resistant. (rC+)


Message History

The orc is too close now for your liking.
Casting: Magic Dart (safe; 5% risk of failure)
Confirm with . or Enter, or press ? or * to list all spells.
Aiming: Magic Dart (safe; 5% risk of failure)
Press: ? - help, Shift-Dir - straight line, f - orc
Aim: an orc, wielding a whip and wearing a ring mail (heavily wounded)
The magic dart hits the orc.
The orc is heavily wounded.
You hit the orc.
You kill the orc!
The orc priest misses you.
Things that are here:
a whip; a ring mail; an orc corpse You closely miss the orc priest.
The orc priest calls down the wrath of Beogh upon you.
Pain shoots through your body!
You closely miss the orc priest.
The orc priest mumbles some strange prayers to Beogh against you.
Beogh smites you!
You die...

......<# #..# ######>#
#..# .......# #..#
#### ######.#
#..######...# #.#
#....oo.o...# #.#
##)######...# #.# #.#
#.## #.# #o#### o#
######.########.@..##
#
....................##
######.#######.......#
#.# #.........# #..
....†......# ###
###.........#
##..........
##.....#### ##...##


You could see an orc priest.

Vanquished Creatures
  3 adders (D:2)
  2 oozes
  4 leopard geckos
  2 orcs (D:3)
  7 bats
  4 giant cockroaches
  6 goblins
  3 hobgoblins
  6 jackals
  8 kobolds
  A ball python (D:2)
  4 frilled lizards (D:1)
  2 rats
52 creatures vanquished.

Vanquished Creatures (collateral kills)
  A worm (D:2)
1 creature vanquished.

Grand Total: 53 creatures vanquished

Notes
Turn   | Place    | Note
-------+----------+-------------------------------------------
     0 | D:1      | Knicklaso the Demonspawn Wizard began the quest for the
                  | Orb.
     0 | D:1      | Reached XP level 1. HP: 13/13 MP: 4/4
   382 | D:1      | Gained mutation: You have sharp toenails. [demonic
                  | ancestry]
   382 | D:1      | Reached XP level 2. HP: 13/20 MP: 1/6
   725 | D:1      | Learned a level 2 spell: Call Imp
   830 | D:1      | Reached skill level 1 in Fighting
  1018 | D:1      | Gained mutation: Your flesh is cold resistant. (rC+)
                  | [demonic ancestry]
  1018 | D:1      | Reached XP level 3. HP: 10/26 MP: 4/7
  1354 | D:2      | Learned a level 3 spell: Mephitic Cloud
  1791 | D:2      | Gained mutation: You are partially covered in iridescent
                  | scales. (AC +2) [demonic ancestry]
  1791 | D:2      | Reached XP level 4. HP: 32/32 MP: 5/9
  1939 | D:2      | Found an ornate altar of the Wu Jian Council.
  2291 | D:3      | Found a blossoming altar of Fedhas.
  2313 | D:3      | Found a shattered altar of Ashenzari.
  2359 | D:3      | Found a runed gate.
  2360 | D:3      | Noticed Revguard's ghost (amateur DrBe)
  2360 | D:3      | Noticed a big kobold
  2361 | D:3      | Found a runed gate.
  2361 | D:3      | Found a runed gate.
  2521 | D:3      | Killed from afar by an orc priest

Skill      XL: |  1  2  3 |
---------------+----------+-----
Conjurations   | 2 |  2.0
Fighting       | 1 |  1.8
Summonings     | 2 |  2.5
Dodging        | |  1.7
Stealth        | |  1.7
Spellcasting   | |  3.5
Translocations | |  0.8
Poison Magic   | |  0.1

Action                   |  1- 3 |  4- 6 || total
-------------------------+-------+-------++-------
Melee: Whip              |    69 |       ||    69
       Kick              |    10 |     1 ||    11
       Falchion          |       |    18 ||    18
 Cast: Magic Dart        |    59 |    25 ||    84
       Mephitic Cloud    |     2 |     2 ||     4
       Call Imp          |     2 |       ||     2
 Stab: Sleeping          |     1 |       ||     1
  Eat: Chunk             |     3 |     3 ||     6
Armor: Ring mail         |    23 |       ||    23
       Robe              |     7 |     4 ||    11
Dodge: Dodged            |    72 |    17 ||    89
       Rpst.: Falchion   |       |     9 ||     9
